 Dungeon Crawl Stone Soup version 0.31-a0-217-g58bb5d79cf (webtiles) character file.

Game seed: 12953555242851082473

183 pokeman the Magician (level 5, -1/43 HPs)
             Began as a Deep Elf Hedge Wizard on July 2, 2023.
             Succumbed to an orc wizard's poison
             ... on level 4 of the Dungeon.
             The game lasted 00:06:46 (4068 turns).

pokeman the Magician (Deep Elf Hedge Wizard)        Turns: 4068, Time: 00:06:47

Health: -1/43      AC: 22    Str:  7    XL:     5   Next: 35%
Magic:  5/15       EV:  2    Int: 21    God:
Gold:   191        SH:  0    Dex: 14    Spells: 3/16 levels left

rFire   . . .        j - +0 whip (freeze)
rCold   . . .        (no shield)
rNeg    . . .        b - melded +0 robe
rPois   +            c - melded +0 hat
rElec   .            (cloak currently unavailable)
rCorr   .            (gloves currently unavailable)
SInv    +            (boots currently unavailable)
Will    +....        (no amulet)
Stlth   ++           h - ring of see invisible
HPRegen 0.27/turn    (no ring)
MPRegen 0.14/turn

%: no passive effects
@: mighty, brilliant, lethally poisoned (-1 -> -6), tree-form, enlightened, very
slightly contaminated, invisible
A: stationary, stasis, torment immunity, boosted hp
a: no special abilities


You were on level 4 of the Dungeon.
You were a tree.
You visited 1 branch of the dungeon, and saw 4 of its levels.

You collected 191 gold pieces.

Inventory:

Hand Weapons
 j - a +0 whip of freezing (weapon)
Armour
 b - a +0 robe (melded)
 c - a +0 hat (melded)
Magical Staves
 a - a staff of earth
Jewellery
 h - a ring of see invisible (left branch)
 r - a ring of fire
Wands
 s - a wand of flame (20)
Scrolls
 e - 3 scrolls of fog {unknown}
 i - 3 scrolls of blinking {unknown}
 k - 4 scrolls of identify {unknown}
 m - 3 scrolls of teleportation {unknown}
 o - a scroll of vulnerability {unknown}
 p - 3 scrolls of summoning {unknown}
Potions
 d - a potion of magic
 f - a potion of brilliance
 l - a potion of might
 q - a potion of lignification


   Skills:
 - Level 1.0 Fighting
 - Level 1.0 Armour
 - Level 3.0 Dodging
 - Level 3.1 Stealth
 * Level 6.1 Spellcasting
 + Level 2.7 Conjurations
 - Level 1.1 Summonings
 - Level 1.1 Translocations
 + Level 0.0 Fire Magic
 + Level 0.4 Air Magic
 + Level 0.4 Earth Magic
 + Level 0.3 Poison Magic
 + Level 0.3 Evocations


You had 3 spell levels left.
You knew the following spells:

 Your Spells              Type           Power      Damage    Failure   Level
a - Magic Dart            Conj           100%       1d8       3%          1
b - Mephitic Cloud        Conj/Pois/Air  17%        N/A       19%         3
c - Call Imp              Summ           32%        N/A       10%         2
d - Blink                 Tloc           32%        N/A       10%         2
e - Fireball              Conj/Fire      9%         3d6       83%         5

Your spell library contained the following spells:

 Spells                   Type           Power      Damage    Failure   Level
 Summon Small Mammal      Summ           64%        N/A       6%          1
 Freeze                   Ice            36%        1d5       10%         1
 Slow                     Hex            36%        N/A       10%         1
 Cigotuvi's Dreadful Rot  Necr/Pois/Air  22%        N/A       13%         2
 Hailstorm                Conj/Ice       18%        3d6       17%         3
 Call Canine Familiar     Summ           16%        N/A       19%         3
 Summon Guardian Golem    Hex/Summ       13%        N/A       22%         3
 Frozen Ramparts          Ice            18%        1d3       28%         3
 Ozocubu's Armour         Ice            9%         N/A       28%         3
 Iskenderun's Battlesphe  Conj           26%        2d8       65%         5
 Metabolic Englaciation   Hex/Ice        4%         N/A       95%         5
 Conjure Ball Lightning   Conj/Air       9%         3x3d6     100%        6
 Simulacrum               Ice/Necr       4%         N/A       100%        6
 Orb of Destruction       Conj           13%        9d7       100%        7


Dungeon Overview and Level Annotations

Branches:
Dungeon (4/15)
 Temple: D:4-7

Altars:
Dithmenos

Shops:
D:3 =


Message History

The ball explodes into a vile cloud!
The stinking cloud engulfs the orc wizard but does no damage.
The orc wizard is moderately wounded.
The stinking cloud engulfs you but does no damage.
You are engulfed in noxious fumes.
You choke on the stench!
You are confused.
You feel sick.
The orc wizard is engulfed in noxious fumes.
The orc wizard hits you with a +1 dagger of venom.
You are lethally poisoned!
Unknown command.
Unknown command.
* * * LOW HITPOINT WARNING * * *
You feel very sick.
The orc wizard is engulfed in noxious fumes.
The orc wizard appears confused.
Unknown command.
It was a potion of brilliance.
You feel clever all of a sudden.
You feel less confused.
* * * LOW HITPOINT WARNING * * *
You feel very sick.
The orc wizard is engulfed in noxious fumes.
The orc wizard appears confused.
The orc wizard barely misses you.
It was a potion of invisibility.
You fade into invisibility!
* * * LOW HITPOINT WARNING * * *
You feel sick.
The orc wizard is engulfed in noxious fumes.
The orc wizard appears confused.
It was a potion of might.
You feel very mighty all of a sudden.
* * * LOW HITPOINT WARNING * * *
You feel sick.
It was a potion of lignification.
You turn into a tree.
Your +0 hat melds into your body.
Your +0 robe melds into your body.
Your roots penetrate the ground.
* * * LOW HITPOINT WARNING * * *
You feel sick.
It was a potion of enlightenment.
Your roots keep you in place.
You die...

..##..# ..#... #.#.. ###
#..)# #.## #)..# #..#
#..# ###..##########..#
###
................o##.....
###.############♣......#
### ##...#### ....#
.....# .##...# ## ##..
#.


You could see an orc wizard (confused, unable to see you).

Vanquished Creatures
  An orc priest (D:4)
  A hound (D:4)
  Ijyb (D:3)
  3 adders
  2 worms
  8 orcs
  8 bats
  5 endoplasms
  A giant cockroach (D:3)
  4 goblins
  8 hobgoblins
  2 quokkas
  7 ball pythons
  A frilled lizard (D:2)
  6 kobolds
  3 rats
61 creatures vanquished.

Vanquished Creatures (collateral kills)
  A kobold (D:3)
1 creature vanquished.

Grand Total: 62 creatures vanquished

Notes
Turn   | Place    | Note
-------+----------+-------------------------------------------
     0 | D:1      | pokeman the Deep Elf Hedge Wizard began the quest for the
                  | Orb.
     0 | D:1      | Reached XP level 1. HP: 10/10 MP: 7/7
   416 | D:1      | Reached XP level 2. HP: 16/16 MP: 5/9
  1332 | D:2      | Found a shadowy altar of Dithmenos.
  1338 | D:2      | Reached skill level 5 in Spellcasting
  1554 | D:2      | Found a faded altar of an unknown god.
  1733 | D:2      | Reached XP level 3. HP: 16/20 MP: 6/11
  1737 | D:2      | Learned a level 3 spell: Mephitic Cloud
  1740 | D:2      | Learned a level 2 spell: Call Imp
  1743 | D:2      | Learned a level 2 spell: Blink
  2467 | D:3      | Reached skill level 1 in Fighting
  2631 | D:3      | Reached skill level 1 in Armour
  2832 | D:3      | Found Waclont's Jewellery Shop.
  3344 | D:3      | Reached XP level 4. HP: 25/25 MP: 10/13
  3543 | D:4      | Noticed a black bear
  3690 | D:4      | Noticed Ijyb
  3704 | D:3      | Killed Ijyb
  3798 | D:4      | Reached skill level 6 in Spellcasting
  3798 | D:4      | Reached XP level 5. HP: 27/29 MP: 4/15
  3908 | D:4      | Learned a level 5 spell: Fireball
  4066 | D:4      | HP: 1/29 [poisoned by an orc wizard]
  4068 | D:4      | Succumbed to an orc wizard's poison

Illustrated notes

Levels and vault maps discovered:
D:1:      dpeg_arrival_three_smaller_balls, layout_basic, minivault_27
D:2:      layout_loops_ring, shapermc_ecumenical_altar_flowoftime, basic_altar
D:3:      layout_basic, serial_shops, nicolae_shop_real_fake_doors
D:4:      layout_cave_pods, nicolae_overflow_hidden_temple, uniq_ijyb

Skill      XL: |  1  2  3  4 |
---------------+-------------+-----
Spellcasting   | 5 6 |  6.1
Fighting       | 1 |  1.0
Armour         | 1 |  1.0
Conjurations   | 2 |  2.7
Dodging        | 3 |  3.0
Stealth        | 3 |  3.1
Summonings     | |  1.1
Translocations | |  1.1
Air Magic      | |  0.4
Earth Magic    | |  0.4
Poison Magic   | |  0.3
Evocations     | |  0.3

Action                     |  1- 3 |  4- 6 || total
---------------------------+-------+-------++-------
  Melee: Whip              |    42 |    26 ||    68
         Punch             |     2 |     1 ||     3
   Cast: Magic Dart        |   135 |    38 ||   173
         Mephitic Cloud    |     3 |     6 ||     9
         Call Imp          |     1 |       ||     1
         Blink             |       |     1 ||     1
    Use: Potion            |       |     5 ||     5
   Stab: Confused          |     3 |     2 ||     5
 Armour: Robe              |     3 |     7 ||    10
  Dodge: Dodged            |    15 |    21 ||    36

Table legend: (Time is in decaauts)
 A = Elapsed time spent in this place.
 B = Non-inter-level travel time spent in this place.
 C = Inter-level travel time spent in this place.
 D = Time resting spent in this place.
 E = Time spent auto-exploring this place.
 F = Levels seen in this place.
 G = Mean time per level.
                   A        B        C        D        E       F      G
               +--------+--------+--------+--------+--------+-----+--------+
         Total |   4075 |   3891 |    184 |    255 |   3046 |   4 | 1018.8 |
       Dungeon |   4075 |   3891 |    184 |    255 |   3046 |   4 | 1018.8 |
               +--------+--------+--------+--------+--------+-----+--------+

Top non-repeatable levels by time:
     D:3: 1345 daAuts
     D:1: 1233 daAuts
     D:2: 1140 daAuts
     D:4: 356 daAuts
